 Dungeon Crawl Stone Soup version 0.26-a0-649-gf8c6c3aab7 (webtiles) character file.

Game seed: 5233401962065643506

186 looop the Cutter (level 5, 49/49 HPs)
             Began as a Palentonga Abyssal Knight on Sept 27, 2020.
             Was a Believer of Lugonu.
             Quit the game on level 3 of the Dungeon.
             The game lasted 00:03:42 (2768 turns).

looop the Cutter (Palentonga Abyssal Knight)        Turns: 2768, Time: 00:03:42

Health: 49/49      AC:  6    Str: 23    XL:     5   Next: 38%
Magic:  7/7        EV:  9    Int: 12    God:    Lugonu [**....]
Gold:   180        SH:  0    Dex:  9    Spells: 4/4 levels left

rFire    . . .     SeeInvis +   a - +1 short sword
rCold    . . .     Faith    .   (no shield)
rNeg     . . .     Spirit   .   b - +0 leather armour
rPois    .         Reflect  .   h - +2 hat
rElec    .         Harm     .   (no cloak)
rCorr    .         Rampage  .   (no gloves)
MR       .....     Rnd*Tele +   (no barding)
Stlth    +.........             i - amulet of regeneration
HPRegen  0.56/turn              e - ring of teleportation (curse)
MPRegen  0.10/turn              p - +6 ring of strength

@: no status effects
A: large, rugged brown scales 3, see invisible, deformed body, roll, armoured
tail
a: Rolling Charge, Depart the Abyss, Bend Space, Renounce Religion


You were on level 3 of the Dungeon.
You worshipped Lugonu.
Lugonu was pleased with you.
You visited 1 branch of the dungeon, and saw 3 of its levels.
You visited the Abyss 1 time.

You collected 180 gold pieces.

Inventory:

Hand Weapons
 a - a +1 short sword (weapon)
Armour
 b - a +0 leather armour (worn)
 h - a +2 hat (worn)
Jewellery
 e - a cursed ring of teleportation (left hand)
 i - an amulet of regeneration (around neck)
 l - an uncursed ring of resist corrosion
 n - an uncursed ring of ice
 p - a +6 ring of strength (right hand)
Scrolls
 c - 4 scrolls of identify {unknown}
 d - 3 scrolls of teleportation {unknown}
 k - a scroll of remove curse {unknown}
Potions
 f - a potion of curing {unknown}
 g - a potion of lignification {unknown}
 j - a potion of degeneration {unknown}
 m - a potion of magic {unknown}
 o - a potion of stabbing {unknown}
 q - a potion of flight {unknown}


   Skills:
 + Level 4.0 Fighting
 * Level 4.2 Short Blades
 - Level 1.5 Armour
 - Level 0.7 Dodging
 + Level 3.4 Invocations


You had 4 spell levels left.
You didn't know any spells.
Your spell library was empty.

Dungeon Overview and Level Annotations

Branches:
Dungeon (3/15)

Altars:
Wu Jian


Innate Abilities, Weirdness & Mutations

You are completely covered in rugged brown scales. (AC +3, +7% HP)
You have supernaturally acute eyesight. (SInv)
Armour fits poorly on your strangely shaped body.
You can roll at foes to attack.
You have a long armoured tail.


Message History

You barely miss Purgy.
Purgy is heavily wounded.
Purgy bites you. Purgy barely misses you. Purgy claws you but does no damage.
You hit Purgy.
Purgy is severely wounded.
Purgy completely misses you. Purgy claws you but does no damage.
Purgy claws you.
You barely miss Purgy. You tail-slap Purgy.
Purgy is severely wounded.
You puncture Purgy!
You kill Purgy!
Lugonu accepts your kill.
Your Fighting skill increases to level 4!
Your Short Blades skill increases to level 4!
You have reached level 5!
You see here an adder corpse.
You now have 180 gold pieces (gained 9).
A goblin comes into view. It is wielding a +0 club.
The goblin shouts!
Are you sure you want to abandon this character and quit the game? (Confirm with "yes".)

#.# #. ##.## #.
#...### ###g###
###.... .....###
#.##. ......#
#.... # #.#.#.#
####. #.#.#.#.#
####. #.#.#.@.#.#
#.... #.......#.#
####.###
###.......#
##....>##
####.#.##
##.......#
#....####.........
#.).....+......_..
#....####.........
#†#.## ##.......#
#.### ##.....##


You could see a goblin.

Vanquished Creatures
  Purgy (D:3)
  5 adders
  A worm (D:2)
  A dart slug (D:2)
  5 goblins
  9 hobgoblins
  2 jackals (D:3)
  7 kobolds
  A quokka (D:3)
  8 bats
  4 frilled lizards
  3 rats (D:1)
47 creatures vanquished.

Notes
Turn   | Place    | Note
-------+----------+-------------------------------------------
     0 | Abyss:1  | looop the Palentonga Abyssal Knight began the quest for the
                  | Orb.
     0 | Abyss:1  | Reached XP level 1. HP: 20/20 MP: 2/2
    18 | Abyss:1  | Found a corrupted altar of Lugonu.
    57 | Abyss:1  | Noticed a starcursed mass
    58 | Abyss:1  | Noticed a small abomination
    59 | D:1      | Escaped the Abyss
   393 | D:1      | You fall into a shaft and drop 1 floor!
   403 | D:2      | Reached XP level 2. HP: 23/27 MP: 3/3
   514 | D:1      | Reached * piety under Lugonu
   573 | D:1      | Reached XP level 3. HP: 28/33 MP: 4/4
  2284 | D:3      | Reached XP level 4. HP: 39/40 MP: 6/6
  2359 | D:3      | Reached ** piety under Lugonu
  2634 | D:3      | Found an ornate altar of the Wu Jian Council.
  2683 | D:3      | Noticed Purgy
  2710 | D:3      | Killed Purgy
  2710 | D:3      | Reached XP level 5. HP: 26/49 MP: 7/7
  2768 | D:3      | Quit the game

Illustrated notes

Levels and vault maps discovered:
D:1:      mushboom_english_gardens, layout_basic
D:2:      layout_basic, minmay_split_cup_small
D:3:      lemuel_upstairs_altar, layout_loops_corners,
          overflow_temple_1_default, uniq_purgy

Skill      XL: |  1  2  3  4 |
---------------+-------------+-----
Short Blades   | 3 4 |  4.2
Invocations    | 3 |  3.4
Fighting       | 4 |  4.0
Armour         | |  1.5
Dodging        | |  0.7

Action                   |  1- 3 |  4- 6 || total
-------------------------+-------+-------++-------
Melee: Short sword       |   121 |    58 ||   179
       Tailslap          |    13 |     7 ||    20
Invok: Depart the Abyss  |     1 |       ||     1
 Abil: Rolling Charge    |    25 |     7 ||    32
Armor: Leather armour    |    41 |    38 ||    79
Dodge: Dodged            |    51 |    31 ||    82

Table legend: (Time is in decaauts)
 A = Elapsed time spent in this place.
 B = Non-inter-level travel time spent in this place.
 C = Inter-level travel time spent in this place.
 D = Time resting spent in this place.
 E = Time spent auto-exploring this place.
 F = Levels seen in this place.
 G = Mean time per level.
                   A        B        C        D        E       F      G
               +--------+--------+--------+--------+--------+-----+--------+
         Total |   2756 |   2669 |     87 |    228 |   2105 |   4 |  689.0 |
       Dungeon |   2697 |   2610 |     87 |    228 |   2057 |   3 |  899.0 |
         Abyss |     59 |     59 |      0 |      0 |     48 |   1 |   59.0 |
               +--------+--------+--------+--------+--------+-----+--------+

Top non-repeatable levels by time:
     D:2: 1175 daAuts
     D:1: 1032 daAuts
     D:3: 489 daAuts
 Abyss:1: 59 daAuts
